 Dungeon Crawl Stone Soup version 0.28-a0-2-g643f2454ad (webtiles) character file.

Game seed: 10281990395196369077

10052 robertstho the Grappler (level 11, -25/58 HPs)
             Began as a Vine Stalker Berserker on July 22, 2021.
             Was a High Priest of Trog.
             Annihilated by a death yak simulacrum (35 damage)
             ... in an ice cave.
             The game lasted 00:19:07 (9155 turns).

robertstho the Grappler (Vine Stalker Berserker)    Turns: 9155, Time: 00:19:07

Health: -25/58     AC: 21    Str: 23    XL:     11   Next: 56%
Magic:  0/12       EV: 12    Int: 10    God:    Trog [*****.]
Gold:   170        SH:  0    Dex: 14    Spells: 10/10 levels left

rFire   . . .      SeeInvis .     - Unarmed
rCold   . . .      Faith    .   (no shield)
rNeg    . . .      Spirit   +   n - +0 plate armour
rPois   .          Reflect  .   I - +2 helmet {Int+3}
rElec   .          Harm     .   D - +0 cloak
rCorr   .          Rampage  .   l - +0 pair of gloves
Will    ++...                   w - +0 pair of boots
Stlth   ..........              x - amulet of the acrobat
HPRegen 1.19/turn               d - +4 ring of evasion
MPRegen 0.13/turn               m - ring of willpower

@: no status effects
A: fangs 3, regeneration 1, magic shield, antimagic bite, no potion heal 2
a: Renounce Religion, Berserk, Trog's Hand, Brothers in Arms


You were in an ice cave.
You worshipped Trog.
Trog was extremely pleased with you.
You visited 1 branch of the dungeon, and saw 11 of its levels.
You also visited: Bailey and Ice Cave.

You collected 528 gold pieces.
You spent 358 gold pieces at shops.

Inventory:

Hand Weapons
 a - a +0 arbalest
Missiles
 c - 278 bolts
Armour
 l - a +0 pair of gloves (worn)
 n - a +0 plate armour (worn)
 s - a +2 leather armour of fire resistance
 u - +0 ice dragon scales
 w - a +0 pair of boots (worn)
 y - +0 acid dragon scales
 D - a +0 cloak (worn)
 I - a +2 helmet of intelligence (worn)
Jewellery
 d - a +4 ring of evasion (left hand)
 m - a ring of willpower (right hand)
 x - an amulet of the acrobat (around neck)
Wands
 q - a wand of flame (17)
 r - a wand of digging (4)
 H - a wand of acid (3)
Scrolls
 g - a scroll of magic mapping
 h - a scroll of fear
 i - a scroll of holy word
 k - a scroll of blinking
 p - 2 scrolls of fog
 A - 2 scrolls of teleportation
 B - 4 scrolls of enchant weapon
 F - a scroll of enchant armour
Potions
 b - 3 potions of attraction
 e - a potion of magic
 f - 3 potions of might
 j - a potion of berserk rage
 o - 2 potions of lignification
 t - a potion of invisibility
 v - a potion of mutation
 z - a potion of degeneration {unknown}
 C - 3 potions of curing
 E - 2 potions of brilliance {unknown}


   Skills:
 * Level 7.4 Fighting
 + Level 4.3 Crossbows
 * Level 9.2 Armour
 + Level 3.6 Dodging
 + Level 1.4 Stealth
 + Level 10.7 Unarmed Combat


You had 10 spell levels left.
You didn't know any spells.
Your spell library was empty.

Dungeon Overview and Level Annotations

Branches:
Dungeon (11/15)            Temple (0/1) D:7            Lair (0/6) D:9
    Orc (0/2) D:11         Bailey (visited)           IceCv (1/1)

Altars:
Ashenzari
Cheibriados
Dithmenos
Elyvilon
Gozag
Makhleb
Sif Muna
Vehumet
Xom
The Shining One

Shops:
D:6 =   D:8 *?*[

Portals:
Trove: D:10 (give +4 ring of slaying)

Annotations:
D:7 2 transporters, gimp's ghost, novice FoWn IceCv 1 transporter


Innate Abilities, Weirdness & Mutations

You have razor-sharp teeth.
Your natural rate of healing is unusually fast.
When hurt, damage is shared between your health and your magic reserves.
Your bite disrupts and absorbs the magic of your enemies.
Potions cannot restore your health.


Message History

Things that are here:
+0 acid dragon scales; an acid dragon corpse y - +0 acid dragon scales
Found a short sword and 23 stones.
Okay, then.
Found a white potion.
A - 2 scrolls of teleportation (gained 1)
You hear the faint crackling of a melting archway.
Found a stone staircase leading up.
There is a frozen archway here.
The world spins around you as you enter the gateway.
You enter an ice cave!
An ugly thing and 2 simulacra come into view.
The white ugly thing gurgles horribly!
Found six items.
Found an ice covered gate leading back out of this place.
There is an ice choked empty arch of ancient stone here.
Found a transporter.
Unknown command.
The white ugly thing bites you but does no damage.
Unknown command.
You punch the white ugly thing! Your bite misses the white ugly thing.
The white ugly thing is lightly wounded.
You hit the white ugly thing. Your bite misses the white ugly thing.
The white ugly thing is lightly wounded.
The white ugly thing bites you. The white ugly thing freezes you!!
You punch the white ugly thing! You bite the white ugly thing.
You drain its power.
You feel invigorated.
The white ugly thing is moderately wounded.
The white ugly thing bites you but does no damage.
You punch the white ugly thing! You bite the white ugly thing.
You drain its power.
You feel invigorated.
The white ugly thing is heavily wounded.
The death yak simulacrum gores you. The death yak simulacrum freezes you!!
* * * LOW HITPOINT WARNING * * *
The death yak simulacrum gores you.
* * * LOW HITPOINT WARNING * * *
The death yak simulacrum freezes you!!!
Ouch! That really hurt!
You die...

####
####...###
##........##
##..........#
##...........#
#.......8..!.#
#....ZZ...).8#
#.∩.∩.@u.!/©©#
#.........(.8#
#.......8..$.#
##...........#
##..........#
##........##
####...###
####


You could see a white ugly thing and 2 death yak simulacra.

Vanquished Creatures
  A two-headed ogre (D:8)
  Pikel (D:9)
  A manticore (D:11)
  4 centaur zombies
  3 komodo dragons
  A hornet (D:6)
  3 basilisks (D:9)
  5 yaks (D:10)
  3 steam dragons
  Duvessa (D:5)
  An acid dragon (D:11)
  4 water moccasins
  An ice beast (D:6)
  2 sky beasts (D:6)
  7 orc warriors
  2 necrophages (D:6)
  4 black bears
  2 ogres (D:6)
  3 centaurs
  2 phantoms
  A lemure (D:9)
  2 gnoll sergeants
  Blork the orc (D:5)
  2 kobold brigands
  A bullfrog (D:7)
  3 scorpions
  A water moccasin zombie (D:6)
  Dowan (D:5)
  2 water moccasin skeletons
  5 wights (D:6)
  4 howler monkeys
  A bullfrog zombie (D:6)
  5 orc priests
  2 gnoll shamans
  4 centaur skeletons
  7 iguanas
  Natasha (thrice) (D:3)
  7 orc wizards
  A killer bee zombie (D:9)
  12 gnolls
  5 adders
  A shadow imp (D:5)
  15 white imps
  An ufetubus (D:4)
  2 worms
  A dart slug (D:2)
  43 orcs
  9 bats
  4 endoplasms
  4 giant cockroaches
  8 hobgoblins
  7 jackals
  4 quokkas
  4 ball pythons
  3 frilled lizards
  6 goblins
  7 kobolds
  A quokka skeleton (D:4)
  2 rats (D:3)
243 creatures vanquished.

Vanquished Creatures (collateral kills)
  An orc knight (Bailey)
  3 orc warriors (Bailey)
4 creatures vanquished.

Vanquished Creatures (others)
  An orc wizard (D:6)
1 creature vanquished.

Grand Total: 248 creatures vanquished

Notes
Turn   | Place    | Note
-------+----------+-------------------------------------------
     0 | D:1      | robertstho the Vine Stalker Berserker began the quest for
                  | the Orb.
     0 | D:1      | Reached XP level 1. HP: 11/11 MP: 2/2
   406 | D:1      | Reached XP level 2. HP: 16/16 MP: 3/3
  1236 | D:2      | Reached XP level 3. HP: 12/20 MP: 4/4
  1440 | D:2      | Found a shimmering blue altar of Sif Muna.
  1479 | D:2      | Reached ** piety under Trog
  1626 | D:2      | Gained mutation: Your natural rate of healing is unusually
                  | fast. [Vine Stalker growth]
  1626 | D:2      | Reached XP level 4. HP: 19/24 MP: 3/5
  2081 | D:3      | Noticed Natasha
  2088 | D:3      | Killed Natasha
  2089 | D:3      | Reached skill level 4 in Unarmed Combat
  2209 | D:3      | Reached XP level 5. HP: 28/28 MP: 6/6
  2286 | D:3      | Noticed Natasha
  2300 | D:3      | Killed Natasha
  2503 | D:3      | Noticed Natasha
  2519 | D:3      | Killed Natasha
  2750 | D:4      | Noticed a black bear
  2765 | D:4      | Reached XP level 6. HP: 32/32 MP: 7/7
  2769 | D:4      | Killed a black bear
  2770 | D:4      | Reached skill level 1 in Stealth
  2770 | D:4      | Reached skill level 5 in Unarmed Combat
  3034 | D:4      | Reached XP level 7. HP: 37/37 MP: 8/8
  3065 | D:4      | Reached *** piety under Trog
  3370 | D:4      | Found a glowing golden altar of the Shining One.
  3454 | D:5      | Entered Level 5 of the Dungeon
  3454 | D:5      | Noticed Duvessa
  3454 | D:5      | Noticed Dowan
  3465 | D:5      | Killed Duvessa
  3471 | D:5      | Killed Dowan
  3582 | D:5      | Noticed Blork the orc
  3592 | D:5      | Killed Blork the orc
  3596 | D:5      | Reached skill level 6 in Unarmed Combat
  3601 | D:5      | Gained mutation: You have razor-sharp teeth. [Vine Stalker
                  | growth]
  3601 | D:5      | Reached XP level 8. HP: 42/42 MP: 6/9
  4231 | D:6      | Reached skill level 5 in Fighting
  4231 | D:6      | Reached skill level 5 in Armour
  4270 | D:6      | Reached skill level 7 in Unarmed Combat
  4306 | D:6      | Reached XP level 9. HP: 40/46 MP: 8/10
  4354 | D:6      | Noticed a hornet
  4362 | D:6      | Killed a hornet
  4611 | D:6      | Reached **** piety under Trog
  4651 | D:6      | Reached skill level 8 in Unarmed Combat
  4750 | D:6      | Reached XP level 10. HP: 53/53 MP: 9/11
  4918 | D:6      | Reached skill level 9 in Unarmed Combat
  4956 | D:6      | Found Neirur's Jewellery Shoppe.
  5155 | D:7      | Found a transporter.
  5155 | D:7      | Noticed gimp's ghost (novice FoWn)
  5403 | D:7      | Found a staircase to the Ecumenical Temple.
  5574 | D:7      | Found a transporter.
  6052 | D:8      | Found a snail-covered altar of Cheibriados.
  6143 | D:8      | Found Offarot's Antique Armour Emporium.
  6143 | D:8      | Found Seruz's Assorted Antiques.
  6151 | D:8      | Found Cahec's Assorted Antiques.
  6153 | D:8      | Found Aganeix's Magic Scroll Emporium.
  6170 | D:8      | Bought a glowing helmet for 202 gold pieces
  6199 | D:8      | Bought a scroll of amnesia for 42 gold pieces
  6199 | D:8      | Bought a scroll of identify for 24 gold pieces
  6199 | D:8      | Bought a scroll of blinking for 90 gold pieces
  6372 | D:8      | Found a broken altar of Ashenzari.
  6608 | D:8      | Noticed a two-headed ogre
  6617 | D:8      | Killed a two-headed ogre
  6618 | D:8      | Reached skill level 10 in Unarmed Combat
  7181 | D:9      | Found a flagged portal.
  7196 | Bailey   | Entered a bailey
  7328 | Bailey   | Reached ***** piety under Trog
  7339 | Bailey   | Reached XP level 11. HP: 51/58 MP: 5/12
  7547 | Bailey   | Noticed an orc knight
  7556 | Bailey   | Reached skill level 1 in Crossbows
  7556 | Bailey   | Killed an orc knight
  8010 | D:9      | Noticed Pikel
  8017 | D:9      | Killed Pikel
  8261 | D:9      | Found a faded altar of an unknown god.
  8261 | D:9      | Found a white marble altar of Elyvilon.
  8270 | D:9      | Found a burning altar of Makhleb.
  8272 | D:9      | Found a shimmering altar of Xom.
  8274 | D:9      | Found an opulent altar of Gozag.
  8493 | D:9      | Found a staircase to the Lair.
  8602 | D:10     | Entered Level 10 of the Dungeon
  8698 | D:10     | Found a radiant altar of Vehumet.
  8835 | D:10     | Found a shadowy altar of Dithmenos.
  8966 | D:10     | Found a portal to a secret trove of treasure.
  9087 | D:11     | Found a staircase to the Orcish Mines.
  9087 | D:11     | Noticed a manticore
  9098 | D:11     | Killed a manticore
  9106 | D:11     | Found a frozen archway.
  9149 | IceCv    | Entered an ice cave
  9149 | IceCv    | Noticed a white ugly thing
  9150 | IceCv    | Found a transporter.
  9155 | IceCv    | Annihilated by a death yak simulacrum

Illustrated notes

Levels and vault maps discovered:
D:1:      dpeg_arrival_tiny_k, layout_basic, minmay_bisected
D:2:      layout_loops_ring, basic_altar
D:3:      layout_rooms, uniq_natasha
D:4:      layout_rooms, tso_altar, minmay_pentomino_pile
D:5:      layout_basic, uniq_duvessa, uniq_blork_the_orc
D:6:      minmay_chambers_of_threes, layout_rooms, serial_shops, shop,
          kennysheep_cross_bottleneck, minmay_fractal_squares_diagonal_5
D:7:      layout_basic, minmay_temple_entry_enclosed_plants,
          gammafunk_ghost_arena
D:8:      black_bear_nest_1, layout_basic, lemuel_round_altar,
          mainiacjoe_overflow_boulevard, minmay_liquid_box,
          minmay_shop_grid_forest
D:9:      layout_loops_ring, chequers_temple_overflow_minitemple,
          erik_lair_dragon, enter_bailey_3, uniq_pikel
D:10:     layout_rooms, nicolae_vehumet_altar_sigil,
          nicolae_dithmenos_shadow_blocks, serial_glass, glass_columns_b,
          glass_columns_b, nicolae_trove_entry_crystal
D:11:     layout_cross, portal_ice_cave_entry_imps
IceCv:    ice_cave_statue_garden_transporter

Skill      XL: |  1  2  3  4  5  6  7  8  9 10 11 |
---------------+----------------------------------+-----
Fighting       | 3 4 5 6 7 |  7.4
Armour         | 2 3 4 5 7 8 9 |  9.2
Unarmed Combat | 4 5 6 7 8 10 | 10.7
Dodging        | 2 3 |  3.6
Stealth        | 1 |  1.4
Crossbows      | 4 |  4.3

Action                   |  1- 3 |  4- 6 |  7- 9 | 10-12 || total
-------------------------+-------+-------+-------+-------++-------
Melee: Unarmed           |   105 |   152 |   295 |   230 ||   782
       Bite              |    31 |    42 |   100 |    82 ||   255
       Punch             |     2 |     1 |    13 |    12 ||    28
 Fire: Arbalest          |       |       |       |   128 ||   128
Invok: Berserk           |     1 |     4 |     7 |     3 ||    15
       Trog's Hand       |       |       |     2 |       ||     2
       Brothers in Arms  |       |       |       |     1 ||     1
  Use: Scroll            |       |       |    10 |     7 ||    17
 Stab: Sleeping          |     1 |       |       |       ||     1
Armor: Animal skin       |    14 |       |       |       ||    14
       Scale mail        |    20 |    49 |     8 |       ||    77
       Chain mail        |       |       |   122 |    95 ||   217
       Plate armour      |       |       |       |    95 ||    95
Dodge: Dodged            |    59 |   125 |   184 |   271 ||   639

Table legend: (Time is in decaauts)
 A = Elapsed time spent in this place.
 B = Non-inter-level travel time spent in this place.
 C = Inter-level travel time spent in this place.
 D = Time resting spent in this place.
 E = Time spent auto-exploring this place.
 F = Levels seen in this place.
 G = Mean time per level.
                   A        B        C        D        E       F      G
               +--------+--------+--------+--------+--------+-----+--------+
         Total |   9388 |   8875 |    513 |    539 |   6416 |  13 |  722.2 |
       Dungeon |   8568 |   8055 |    513 |    450 |   6037 |  11 |  778.9 |
        Bailey |    813 |    813 |      0 |     89 |    379 |   1 |  813.0 |
      Ice Cave |      5 |      5 |      0 |      0 |      0 |   1 |    5.0 |
               +--------+--------+--------+--------+--------+-----+--------+

Top non-repeatable levels by time:
     D:2: 1074 daAuts
     D:1: 1012 daAuts
     D:9: 1009 daAuts
     D:8: 928 daAuts
     D:6: 907 daAuts
     D:7: 901 daAuts
  Bailey: 813 daAuts
     D:5: 770 daAuts
     D:3: 761 daAuts
     D:4: 636 daAuts
    D:10: 512 daAuts
    D:11: 54 daAuts
   IceCv: 5 daAuts
